 Dungeon Crawl Stone Soup version 0.29-a0-857-g9b1aa3ac5b (webtiles) character file.

Game seed: 11579170390284572624

49553 Pooter the Thaumaturge (level 14, -5/101 HPs)
             Began as a Demonspawn Ice Elementalist on July 15, 2022.
             Was an Elder of Ashenzari.
             Killed by divine providence
             ... invoked by a smoke demon
              (10 damage)
             ... on level 6 of the Lair of Beasts on July 16, 2022.
             The game lasted 03:06:21 (22979 turns).

Pooter the Thaumaturge (DsIE)                      Turns: 22979, Time: 03:06:22

Health: -5/101     AC: 10    Str: 11    XL:     14   Next: 16%
Magic:  26/26      EV: 23    Int: 25    God:    Ashenzari [****..]
Gold:   642        SH:  4    Dex: 19    Spells: 5/29 levels left

rFire   x . .      SeeInvis +   (weapon currently unavailable)
rCold   + . .      Faith    .   (shield currently unavailable)
rNeg    . . .      Spirit   .   (body armour currently unavailable)
rPois   x          Reflect  .   (helmet currently unavailable)
rElec   .          Harm     .   (cloak currently unavailable)
rCorr   .          Rampage  .   (gloves currently unavailable)
Will    +....      Clarity  +   (boots currently unavailable)
Stlth   ++++......              m - amulet "Thunder Perfect Mind" {RegenMP, Alch, Comp} (curse)
HPRegen 0.26/turn               k - ring of the Unveiling Gloom {Ice, Comp, Melee} (curse)
MPRegen 0.60/turn               g - +6 ring of intelligence

@: confusing by touch, spider-form
A: venomous fangs, tiny, icemail 2, (sanguine armour 2), condensation shield,
demonic magic 3
a: End Transformation, Renounce Religion, Curse Item, Shatter the Chains


You were on level 6 of the Lair of Beasts.
You worshipped Ashenzari.
Ashenzari was greatly pleased with you.
You were a venomous arachnid creature.
You visited 3 branches of the dungeon, and saw 17 of its levels.
You also visited: Ossuary and Bailey.

You collected 1096 gold pieces.
You spent 454 gold pieces at shops.

Inventory:

Hand Weapons
 a - a +2 broad axe of freezing (melded)
   (You found it in a bailey)
 b - a +0 longbow of venom
   (You found it on level 10 of the Dungeon)
 y - a +0 short sword of flaming
   (You found it on level 3 of the Dungeon)
 F - a +0 eveningstar
   (You found it on level 2 of the Lair of Beasts)
 R - a +2 vampiric war axe
   (You found it on level 1 of the Dungeon)
 X - a +3 halberd
   (You took it off a wight on level 8 of the Dungeon)
Missiles
 c - 4 javelins
 j - 8 atropa-tipped darts
 K - 29 poisoned darts
 N - 3 throwing nets {!f}
 O - a curare-tipped dart
 P - 13 boomerangs (quivered)
Armour
 E - the cursed +0 pair of boots "Unveiling Oracle" (melded) {Melee, Elem}
   (You found it on level 4 of the Dungeon)

   It has a curse which improves the following skills: Melee Combat: Short
   Blades, Long Blades, Axes, Maces & Flails, Polearms, Staves and Unarmed
   Combat.
   Elements:  Fire Magic, Ice Magic, Air Magic and Earth Magic.
 G - the cursed +2 pair of gloves "Cursed Repose" (melded) {Cun, Fort}
   (You found it on level 1 of the Dungeon)

   It has a curse which improves the following skills: Cunning: Dodging and
   Stealth.
   Fortitude: Armour and Shields.
 H - the cursed scarf of Cremastomancy (melded) {harm, Self, Cun}
   (You found it on level 3 of the Dungeon)

   It has a curse which improves the following skills: Introspection: Fighting
   and Spellcasting.
   Cunning:   Dodging and Stealth.
 M - +0 steam dragon scales (melded)
   (You took it off Maggie on level 6 of the Dungeon)
 U - the cursed +2 helmet of Ashenzari's Sybil (melded) {SInv, Elem, Range}
   (You acquired it in a bailey)

   It has a curse which improves the following skills: Elements: Fire Magic, Ice
   Magic, Air Magic and Earth Magic.
   Ranged Combat: Ranged Weapons and Throwing.
 V - a +0 scale mail
   (You took it off an orc on level 9 of the Dungeon)
Jewellery
 g - a +6 ring of intelligence (right front leg)
   (You bought it in a shop on level 6 of the Dungeon)
 k - the cursed ring of the Unveiling Gloom (left front leg) {Ice, Comp, Melee}
   (You found it on level 2 of the Dungeon)

   [ring of ice]

   It enhances your ice magic.
   rF:        It makes you vulnerable to fire.
   rC:        It protects you from cold.
   It has a curse which improves the following skills: Companions: Summonings
   and Necromancy.
   Melee Combat: Short Blades, Long Blades, Axes, Maces & Flails, Polearms,
   Staves and Unarmed Combat.
 m - the cursed amulet "Thunder Perfect Mind" (around neck) {RegenMP, Alch, Comp}
   (You found it on level 1 of the Lair of Beasts)

   [amulet of magic regeneration]

   It increases your rate of magic regeneration.
   It has a curse which improves the following skills: Alchemy: Poison Magic and
   Transmutations.
   Companions: Summonings and Necromancy.
 Q - a ring of willpower
   (You found it on level 4 of the Lair of Beasts)
Wands
 f - a wand of flame (27)
   (You found it on level 5 of the Dungeon)
 u - a wand of paralysis (19)
   (You bought it in a shop on level 6 of the Dungeon)
 J - a wand of roots (16)
   (You found it on level 5 of the Dungeon)
 L - a wand of mindburst (2)
   (You bought it in a shop on level 6 of the Dungeon)
 Z - a wand of polymorph (7)
   (You found it on level 9 of the Dungeon)
Scrolls
 d - 3 scrolls of fear
 e - 3 scrolls of amnesia
 i - 7 scrolls of fog
 o - a scroll of blinking
 t - 14 scrolls of teleportation {@r4}
 v - 4 scrolls of enchant armour
 A - 6 scrolls of poison {!r}
 C - 4 scrolls of magic mapping
 D - 8 scrolls of immolation {!r}
 W - 2 scrolls of summoning
Potions
 h - 12 potions of curing {@q1}
 l - 4 potions of lignification {!q}
 n - 7 potions of flight
 p - 6 potions of ambrosia
 q - 4 potions of invisibility
 s - 4 potions of mutation {!q}
 w - 5 potions of brilliance
 x - 5 potions of heal wounds {@q2}
 z - 4 potions of attraction {!q}
 B - a potion of resistance
 I - 2 potions of haste {@q3}
 S - 3 potions of cancellation
 T - 2 potions of magic
 Y - 2 potions of berserk rage
Miscellaneous
 r - a box of beasts
   (You found it on level 1 of the Lair of Beasts)


   Skills:
 + Level 6.5 Fighting
 * Level 8.0(10.2) Axes
 - Level 2.7(6.8) Polearms
 * Level 5.7 Ranged Weapons
 + Level 5.7 Armour
 + Level 5.5 Dodging
 + Level 6.4 Stealth
 + Level 4.2 Shields
 * Level 8.1 Spellcasting
 + Level 6.5 Conjurations
 + Level 2.5 Hexes
 + Level 6.3(9.3) Summonings
 - Level 4.1(6.9) Necromancy
 - Level 3.9 Translocations
 - Level 4.7(6.6) Transmutations
 + Level 7.6 Ice Magic
 - Level 4.0(5.9) Poison Magic
 + Level 5.5 Evocations


You had 5 spell levels left.
You knew the following spells:

 Your Spells              Type           Power      Damage    Failure   Level
a - Freeze                Ice            100%       1d11      2%          1
b - Frozen Ramparts       Ice            100%       1d12      4%          3
c - Ozocubu's Armour      Ice            64%        N/A       4%          3
d - Apportation           Tloc           60%        N/A       5%          1
e - Hailstorm             Conj/Ice       62%        3d13      11%         4
f - Confusing Touch       Hex            23%        N/A       17%         3
g - Mephitic Cloud        Conj/Pois/Air  30%        N/A       11%         3
q - Vampiric Draining     Necr           44%        2d9       5%          3
x - Spider Form           Tmut/Pois      41%        N/A       6%          3

Your spell library contained the following spells:

 Spells                   Type           Power      Damage    Failure   Level
 Summon Small Mammal      Summ           100%       N/A       1%          1
 Necrotise                Necr           100%       1d9       3%          1
 Wereblood                Tmut           43%        N/A       4%          2
 Slow                     Hex            92%        N/A       8%          1
 Storm Form               Tmut/Air       13%        N/A       100%        7
 Lehudib's Crystal Spear  Conj/Erth      13%        10d4      100%        8
 Necromutation            Tmut/Necr      22%        N/A       100%        8
 Chain Lightning          Conj/Air       13%        3d17      100%        9


Dungeon Overview and Level Annotations

Branches:
Dungeon (10/15)            Temple (0/1) D:5            Lair (6/6) D:9
 Shoals (0/4) Lair:2        Snake (0/4) Lair:3          Orc (1/2) D:9
Ossuary (visited)          Bailey (visited)
  Slime: Lair:5-6

Altars:
Ashenzari
Dithmenos
Nemelex Xobeh
Sif Muna
Trog
Uskayaw
Vehumet
Xom

Shops:
D:3 !   D:6 **


Innate Abilities, Weirdness & Mutations

You are a venomous arachnid creature.
You have poisonous fangs.
You are tiny and dextrous.
Your spellcasting is less reliable in this form.
Your armour is entirely melded.
You are incapable of wielding weapons or throwing items.
A meltable icy envelope protects you from harm. (AC +8)
((When seriously injured, your blood forms thick armour. (AC +0)))
A meltable shield of frost defends you. (SH +4)
Spells you cast and wands you use may paralyse nearby enemies.


Message History

You barely miss the large abomination.
The large abomination hits you but does no damage.
The large abomination completely misses you.
You hit the large abomination but do no damage.
A blink frog comes into view.
The large abomination closely misses you.
You barely miss the large abomination.
The large abomination completely misses you.
The blink frog gives a loud, deep croak!
You hit the large abomination. You freeze the large abomination.
The large abomination barely misses you.
Your hands begin to glow red.
Malevolent energies surge around you.
The large abomination barely misses you.
You hit the large abomination but do no damage.
The large abomination hits you but does no damage.
You hit the large abomination but do no damage.
The large abomination hits you.
The blink frog blinks!
The large abomination hits you!!
* * * LOW HITPOINT WARNING * * *
Your blood congeals into armour.
The smoke demon roars!
You can't see any susceptible monsters within range! (Use Z to cast anyway.) Unknown command.
You hit the large abomination but do no damage.
The large abomination hits you.
* * * LOW HITPOINT WARNING * * *
Unknown command.
You turn into a venomous arachnid creature.
Your +2 broad axe of freezing melds into your body.
The cursed scarf of Cremastomancy {harm, Self, Cun} melds into your body.
The cursed +2 helmet of Ashenzari's Sybil {SInv, Elem, Range} melds into your body.
The cursed +2 pair of gloves "Cursed Repose" {Cun, Fort} melds into your body.
The cursed +0 pair of boots "Unveiling Oracle" {Melee, Elem} melds into your body.
Your +0 steam dragon scales melds into your body.
Your +2 broad axe of freezing stops glowing.
Malevolent energies surge around you.
Your blood armour dries and flakes away.
The large abomination completely misses you.
You hit the large abomination but do no damage.
The large abomination completely misses you.
You hit the large abomination but do no damage.
The large abomination hits you!!
* * * LOW HITPOINT WARNING * * *
Found a +0 long sword.
The large abomination hits you!!
* * * LOW HITPOINT WARNING * * *
You block the blink frog's attack.
The blink frog blinks!
The smoke demon gestures at you. Something smites you!
You die...

..........#..........#
.........#..........# #####
..........#.......###########
........##..#........#..#..####
.........####...............♣♣♣
........##
#..#.......#.♣♣...♣♣♣ .♣.##...#
####...♣.♣♣#♣♣♣♣..♣♣♣♣
♣♣♣#.#♣♣# #.#.♣♣♣♣♣♣ ♣♣.†..♣♣
♣♣♣♣♣♣♣♣ ♣♣♣s.♣♣♣♣ ♣♣.†.♣♣ * *
♣♣X..♣ ♣♣..♣♣ , ,,* ♣♣♣♣♣..♣♣
♣♣...♣ , {***
♣....3♣♣♣♣♣♣♣♣♣♣♣....♣ ,
♣.....§♣♣♣♣♣♣♣♣♣♣♣♣♣.. , ,
♣...♣♣.†..{...♣♣♣ ♣♣♣. , ,*
♣♣..♣♣♣♣†...[...♣♣ ♣♣. ** ,
♣..∆♣♣♣...♣♣..♣♣♣♣♣♣♣ _ *♣)*
*♣...♣♣♣..†♣♣♣♣♣.


You could see a large abomination and a smoke demon.

Vanquished Creatures
  Fannar (Lair:2)
  The ghost of Gus979 the Severer, a journeyman MiBe of Trog (Lair:1)
  7 hydras
  A two-headed ogre (D:10)
  6 death yaks
  An orc sorcerer (Bailey)
  A guardian serpent (Lair:3)
  15 elephants
  2 torpor snails
  2 black mambas (Lair:2)
  A smoke demon (Lair:6)
  13 cane toads
  Maggie (D:6)
  A kobold demonologist (Bailey)
  8 rime drakes
  8 komodo dragons
  A troll (D:8)
  2 polar bears
  A hornet (D:9)
  Grinder (D:6)
  9 blink frogs
  2 dream sheep (Lair:3)
  Sigmund (D:6)
  5 small abominations (Lair:6)
  A shadow (D:10)
  2 wraiths
  7 wyverns
  2 basilisks (Lair:6)
  45 yaks
  An acid dragon (D:9)
  11 water moccasins
  Duvessa (D:5)
  An ice beast (D:7)
  5 black bears
  12 orc warriors
  A sky beast (D:7)
  2 ogres
  A centaur (D:9)
  A phantom (D:6)
  3 kobold brigands
  Blork the orc (D:6)
  An elf zombie (Ossuary)
  18 bullfrogs
  A necrophage (D:7)
  3 scorpions
  10 wights
  Dowan (D:5)
  11 killer bees
  7 electric eels
  3 howler monkeys
  5 centaur zombies (Ossuary)
  A crimson imp (D:4)
  2 hounds (D:5)
  2 jellies
  2 human zombies (Ossuary)
  2 orc priests
  A gnoll bouda (D:7)
  3 iguanas
  6 orc wizards
  11 hell rats
  2 mummies (Ossuary)
  18 gnolls
  5 adders
  4 shadow imps
  13 white imps
  3 ufetubi
  3 worms
  6 dart slugs
  29 orcs
  7 bats
  9 endoplasms
  3 giant cockroaches
  23 goblins
  18 hobgoblins
  6 jackals
  6 quokkas
  8 ball pythons
  4 frilled lizards
  5 goblin skeletons (D:4)
  3 hobgoblin zombies (D:4)
  24 kobolds
  A kobold zombie (D:4)
  An orc skeleton (D:4)
  An orc zombie (D:4)
  7 rats
487 creatures vanquished.

Vanquished Creatures (others)
  A bush (Lair:6)
  43 fungi
  71 plants
115 creatures vanquished.

Grand Total: 602 creatures vanquished

Notes
Turn   | Place    | Note
-------+----------+-------------------------------------------
     0 | D:1      | Pooter the Demonspawn Ice Elementalist began the quest for
                  | the Orb.
     0 | D:1      | Reached XP level 1. HP: 13/13 MP: 3/3
   530 | D:1      | Gained mutation: A meltable shield of frost defends you.
                  | (SH +4) [demonic ancestry]
   530 | D:1      | Reached XP level 2. HP: 19/19 MP: 1/5
  1135 | D:1      | Reached XP level 3. HP: 22/24 MP: 3/6
  1163 | D:1      | Learned a level 3 spell: Frozen Ramparts
  1854 | D:2      | Found a broken altar of Ashenzari.
  1867 | D:2      | Became a worshipper of Ashenzari the Shackled
  2370 | D:2      | Gained mutation: When seriously injured, your blood forms
                  | armour. (AC +0) [demonic ancestry]
  2370 | D:2      | Reached XP level 4. HP: 31/31 MP: 4/7
  2402 | D:2      | Learned a level 3 spell: Ozocubu's Armour
  3405 | D:3      | Reached skill level 1 in Fighting
  3527 | D:3      | Found a shimmering altar of Xom.
  3861 | D:3      | Found Gaaleaf's Distillery.
  3865 | D:3      | Bought a potion of degeneration for 14 gold pieces
  3865 | D:3      | Bought a potion of brilliance for 56 gold pieces
  3899 | D:3      | Noticed a black bear
  3905 | D:3      | Killed a black bear
  3906 | D:3      | Reached skill level 1 in Axes
  3906 | D:3      | Reached XP level 5. HP: 37/37 MP: 4/9
  4527 | D:4      | Gained mutation: A meltable icy envelope protects you from
                  | harm. (AC +8) [demonic ancestry]
  4527 | D:4      | Reached XP level 6. HP: 43/43 MP: 7/10
  4540 | D:4      | Learned a level 1 spell: Apportation
  4558 | D:4      | Found a sand-covered staircase.
  4585 | Ossuary  | Entered an ossuary
  4614 | Ossuary  | Reached skill level 1 in Conjurations
  4757 | Ossuary  | Reached * piety under Ashenzari
  4777 | Ossuary  | Reached skill level 1 in Armour
  4777 | Ossuary  | Reached skill level 1 in Shields
  4783 | Ossuary  | Reached XP level 7. HP: 30/50 MP: 5/11
  5012 | D:4      | Found a shimmering blue altar of Sif Muna.
  5080 | D:4      | Reached skill level 5 in Ice Magic
  5202 | D:4      | Identified Losm's Almanac of Transmutation
  5214 | D:4      | Learned a level 3 spell: Spider Form
  5339 | D:4      | Found a sparkling altar of Nemelex Xobeh.
  5647 | D:5      | Entered Level 5 of the Dungeon
  5723 | D:5      | Noticed Duvessa
  5725 | D:5      | Noticed Dowan
  5733 | D:5      | Killed Duvessa
  5736 | D:5      | Killed Dowan
  5737 | D:5      | Reached XP level 8. HP: 34/57 MP: 4/13
  5889 | D:5      | Reached skill level 1 in Transmutations
  5965 | D:5      | Reached skill level 1 in Summonings
  5971 | D:5      | Reached skill level 1 in Poison Magic
  5999 | D:5      | Found a shadowy altar of Dithmenos.
  6059 | D:5      | Found a hide-covered altar of Uskayaw.
  6064 | D:5      | Reached ** piety under Ashenzari
  6076 | D:5      | Reached skill level 1 in Translocations
  6184 | D:5      | Found a staircase to the Ecumenical Temple.
  6930 | D:6      | Found Modwy's Merry Market.
  6938 | D:6      | Bought a wand of mindburst (4) for 84 gold pieces
  6986 | D:6      | Learned a level 3 spell: Vampiric Draining
  6986 | D:6      | Upgraded the game from 0.29-a0-845-g6161e89988 to
                  | 0.29-a0-857-g9b1aa3ac5b
  7373 | D:6      | Noticed Maggie
  7381 | D:6      | Killed Maggie
  7382 | D:6      | Reached skill level 1 in Necromancy
  7382 | D:6      | Gained mutation: A meltable icy envelope protects you from
                  | harm. (AC +8) [demonic ancestry]
  7382 | D:6      | Reached XP level 9. HP: 64/66 MP: 13/17
  7638 | D:6      | Noticed Grinder
  7650 | D:6      | Paralysed by Grinder for 5 turns
  7663 | D:6      | Paralysed by Grinder for 4 turns
  7677 | D:6      | Killed Grinder
  7899 | D:6      | Found a bloodstained altar of Trog.
  8067 | D:6      | Noticed Sigmund
  8069 | D:6      | Killed Sigmund
  8070 | D:6      | Reached skill level 1 in Evocations
  8080 | D:6      | Learned a level 4 spell: Hailstorm
  8122 | D:6      | Noticed Blork the orc
  8131 | D:6      | Killed Blork the orc
  8204 | D:6      | Found Tepruoz's Assorted Antiques.
  8211 | D:6      | Bought a scroll labelled TYUSHR ZAGI for 30 gold pieces
  8211 | D:6      | Bought a worn bone wand for 120 gold pieces
  8544 | D:7      | Identified the cursed scarf of Cremastomancy {harm, Self,
                  | Cun} (You found it on level 3 of the Dungeon)
  8544 | D:7      | Identified the cursed +2 pair of gloves "Cursed Repose"
                  | {Cun, Fort} (You found it on level 1 of the Dungeon)
  8778 | D:7      | Found a radiant altar of Vehumet.
  9294 | D:7      | Reached skill level 1 in Polearms
  9544 | D:8      | Found a flagged portal.
  9564 | Bailey   | Entered a bailey
  9958 | Bailey   | Reached XP level 10. HP: 70/73 MP: 14/18
 10004 | Bailey   | Found an iron altar of Okawaru.
 10004 | Bailey   | Noticed an orc sorcerer
 10011 | Bailey   | Killed an orc sorcerer
 10012 | Bailey   | Noticed a sixfirhy
 10233 | Bailey   | Reached skill level 5 in Axes
 10233 | Bailey   | Reached skill level 5 in Spellcasting
 10233 | Bailey   | Gained mutation: Spells you cast may paralyse adjacent
                  | enemies. [demonic ancestry]
 10233 | Bailey   | Reached XP level 11. HP: 81/81 MP: 20/20
 10282 | Bailey   | Reached *** piety under Ashenzari
 10511 | Bailey   | Identified a scroll of acquirement
 10516 | Bailey   | Acquired a +2 helmet of see invisible
 12934 | D:9      | Found a staircase to the Orcish Mines.
 12947 | Orc:1    | Entered Level 1 of the Orcish Mines
 13105 | D:9      | Reached skill level 1 in Ranged Weapons
 13397 | D:9      | Noticed a death yak
 13578 | D:6      | Bought a bronze ring for 150 gold pieces
 13587 | D:6      | Learned a level 3 spell: Confusing Touch
 13684 | D:9      | Killed a death yak
 13685 | D:9      | Reached skill level 5 in Fighting
 13810 | D:9      | Found a staircase to the Lair.
 13925 | D:10     | Entered Level 10 of the Dungeon
 13931 | D:10     | Noticed a two-headed ogre
 13941 | D:10     | Killed a two-headed ogre
 14365 | D:10     | Reached skill level 5 in Conjurations
 14365 | D:10     | Gained mutation: Spells you cast may paralyse nearby
                  | enemies. [demonic ancestry]
 14365 | D:10     | Reached XP level 12. HP: 89/89 MP: 9/23
 15004 | Lair:1   | Entered Level 1 of the Lair of Beasts
 15016 | Lair:1   | Reached skill level 5 in Summonings
 15140 | Lair:1   | Noticed an eight-headed hydra
 15146 | Lair:1   | Killed an eight-headed hydra
 15454 | Lair:1   | Reached skill level 5 in Stealth
 15655 | Lair:1   | Identified the Guide on Conjuration
 15664 | Lair:1   | Learned a level 3 spell: Mephitic Cloud
 16077 | Lair:1   | Found a runed translucent door.
 16210 | Lair:1   | Noticed Gus979's ghost (journeyman MiBe)
 16225 | Lair:1   | Killed Gus979's ghost
 16226 | Lair:1   | Reached skill level 5 in Armour
 16664 | Lair:2   | Reached **** piety under Ashenzari
 17224 | Lair:2   | Noticed a death yak
 17224 | Lair:2   | Noticed a death yak
 17228 | Lair:2   | Killed a death yak
 17229 | Lair:2   | Noticed a death yak
 17231 | Lair:2   | Killed a death yak
 17231 | Lair:2   | Noticed a death yak
 17234 | Lair:2   | Noticed a death yak
 17236 | Lair:2   | Killed a death yak
 17239 | Lair:2   | Killed a death yak
 17241 | Lair:2   | Killed a death yak
 17242 | Lair:2   | Gained mutation: Spells you cast and wands you use may
                  | paralyse nearby enemies. [demonic ancestry]
 17242 | Lair:2   | Reached XP level 13. HP: 10/98 MP: 20/26
 17657 | Lair:2   | Found a staircase to the Shoals.
 17678 | Lair:2   | Noticed Fannar
 17707 | Lair:2   | Killed Fannar
 18527 | Lair:3   | Found a staircase to the Snake Pit.
 18846 | Lair:3   | Reached skill level 5 in Dodging
 18934 | Lair:3   | Reached skill level 5 in Evocations
 19724 | Lair:4   | Reached skill level 1 in Hexes
 21519 | Lair:6   | Entered Level 6 of the Lair of Beasts
 21540 | Lair:6   | Reached skill level 5 in Ranged Weapons
 22014 | Lair:6   | Found a frozen archway.
 22053 | Lair:6   | Found a shimmering altar of Xom.
 22306 | Lair:6   | Gained mutation: When seriously injured, your blood forms
                  | thick armour. (AC +0) [demonic ancestry]
 22306 | Lair:6   | Reached XP level 14. HP: 97/106 MP: 28/28
 22976 | Lair:6   | HP: 4/101 [large abomination (18)]
 22979 | Lair:6   | Killed from afar by a smoke demon

Illustrated notes

Levels and vault maps discovered:
D:1:      elethiomel_arrival_maze, layout_basic
D:2:      layout_loops_ring, basic_altar
D:3:      minmay_chambers_of_twos, layout_rooms, lemuel_coloured_pillars_altar,
          serial_rivers, chequers_serial_rivers_micro_c,
          chequers_serial_rivers_micro_c, chequers_serial_rivers_room_a,
          chequers_serial_rivers_micro_b, chequers_serial_rivers_micro_e,
          chequers_serial_rivers_room_a, serial_shops, shop,
          grunt_decor_junction, dk_noncrumbling_4
D:4:      layout_cave_pools, nemelex_spade_bored_becter,
          nicolae_tso_besieged_by_evil, kennysheep_mini,
          nicolae_ossuary_entry_false_entrances, serial_column_ruins,
          column_ruins_hut, column_ruins_corridor_plus, column_ruins_grid_2,
          column_ruins_columns_corner, column_ruins_corridor_dead_end,
          column_ruins_corridor_straight, column_ruins_columns_plus
D:5:      layout_cave_pools, mainiacjoe_overflow_boulevard,
          mainiacjoe_overflow_chevrons, minmay_temple_entry_junction,
          serial_demonic, serial_demonic_g, serial_demonic_c, serial_demonic_f,
          serial_demonic_f, uniq_duvessa
D:6:      nicolae_cairo_tiling_large_dashed, layout_layer_cave,
          trog_hazing_becter, serial_shops,
          nicolae_shop_temple_entry_statues_fountains, nicolae_alphabet_shops,
          amcnicky_mini_corridor_feature, uniq_maggie, uniq_blork_the_orc,
          uniq_sigmund, uniq_grinder
D:7:      layout_basic, nicolae_vehumet_altar_sigil
D:8:      layout_layer_cave, mainiacjoe_overflow_alcove_4, enter_bailey_3
D:9:      layout_roguey, david_lair_generic, erik_orc_3
D:10:     layout_loops_ring, minivault_14
Lair:1:   layout_regular_city, ebering_ghost_reflecting_pool,
          beast_lair_carwin_1, grunt_megastairs_3
Lair:2:   layout_regular_city, elwin_shoals_entry_rooms, wad_woods_road_01,
          minivault_23, uniq_fannar
Lair:3:   layout_gridlike, minmay_snake_entry_spellcaster
Lair:4:   layout_regular_city
Lair:5:   layout_regular_city
Lair:6:   hellmonk_lair_end_abyssal_woods, layout_misc_corridors, slime_entry_2,
          basic_altar, enter_volcano_3, portal_ice_cave_entry_imps,
          minmay_lair_drake_nest
Orc:1:    layout_caves, hellmonk_ghost_happy_afterlife, serial_shops,
          nicolae_shop_hallway_stairs, uniq_urug

Skill      XL: |  1  2  3  4  5  6  7  8  9 10 11 12 13 14 |
---------------+-------------------------------------------+-----
Stealth        | 2 3 4 5 6 |  6.4
Dodging        | 2 3 4 5 |  5.5
Ice Magic      | 4 5 6 7 |  7.6
Fighting       | 1 2 3 4 5 6 |  6.5
Axes           | 1 2 3 5 7 8 |  8.0
Spellcasting   | 3 4 5 6 7 8 |  8.1
Conjurations   | 1 2 3 4 5 6 |  6.5
Armour         | 1 2 3 4 5 |  5.7
Shields        | 1 2 3 4 |  4.2
Transmutations | 1 2 4 |  4.7
Summonings     | 2 4 5 6 |  6.3
Poison Magic   | 2 3 4 |  4.0
Translocations | 2 3 |  3.9
Necromancy     | 1 3 4 |  4.1
Evocations     | 2 3 4 5 |  5.5
Polearms       | 1 2 |  2.7
Ranged Weapons | 2 4 5 |  5.7
Hexes          | 2 |  2.5

Action                   |  1- 3 |  4- 6 |  7- 9 | 10-12 | 13-15 || total
-------------------------+-------+-------+-------+-------+-------++-------
Melee: Short sword       |     8 |       |       |       |       ||     8
       War axe           |    28 |   118 |   144 |     4 |       ||   294
       Punch             |       |     1 |     2 |     1 |     1 ||     5
       Halberd           |       |       |    70 |    13 |       ||    83
       Unarmed           |       |       |    19 |       |     2 ||    21
       Broad axe         |       |       |       |   129 |   211 ||   340
       Eveningstar       |       |       |       |       |     5 ||     5
 Fire: Shortbow          |       |       |       |    71 |       ||    71
       Sling             |       |       |       |     4 |       ||     4
       Longbow           |       |       |       |    59 |   123 ||   182
Throw: Stone             |     8 |     5 |     2 |     1 |       ||    16
       Javelin           |     5 |    17 |    46 |    12 |     3 ||    83
       Dart              |       |       |     8 |     8 |     8 ||    24
       Boomerang         |       |       |       |       |     1 ||     1
 Cast: Freeze            |    52 |    24 |    15 |    25 |     8 ||   124
       Frozen Ramparts   |     3 |     9 |    29 |    38 |    28 ||   107
       Ozocubu's Armour  |       |       |     1 |       |       ||     1
       Hailstorm         |       |       |     1 |    23 |    22 ||    46
       Spider Form       |       |       |     1 |       |     1 ||     2
       Confusing Touch   |       |       |       |     4 |     6 ||    10
       Mephitic Cloud    |       |       |       |       |     1 ||     1
Invok: Curse Item        |       |     2 |     2 |     3 |       ||     7
       Shatter the Chain |       |       |       |     1 |       ||     1
Evoke: Wand              |       |       |     4 |    11 |     6 ||    21
  Use: Scroll            |     5 |     5 |     2 |     1 |     3 ||    16
       Potion            |       |       |     1 |     3 |       ||     4
 Stab: Sleeping          |       |     3 |     6 |     1 |       ||    10
       Invisible         |       |       |     1 |     1 |       ||     2
       Distracted        |       |       |     1 |       |       ||     1
       Paralysed         |       |       |       |    19 |    33 ||    52
       Confused          |       |       |       |       |     4 ||     4
Armor: Robe              |    23 |    56 |    82 |       |       ||   161
       Steam dragon scal |       |       |    22 |   107 |   150 ||   279
       Skin              |       |       |    10 |       |       ||    10
Dodge: Dodged            |    49 |    86 |   166 |   114 |   249 ||   664
Block: Other             |    16 |    27 |    70 |    38 |    55 ||   206

Table legend: (Time is in decaauts)
 A = Elapsed time spent in this place.
 B = Non-inter-level travel time spent in this place.
 C = Inter-level travel time spent in this place.
 D = Time resting spent in this place.
 E = Time spent auto-exploring this place.
 F = Levels seen in this place.
 G = Mean time per level.
                   A        B        C        D        E       F      G
               +--------+--------+--------+--------+--------+-----+--------+
         Total |  23313 |  22611 |    702 |   6820 |  11199 |  19 | 1227.0 |
       Dungeon |  13933 |  13469 |    464 |   3831 |   7027 |  10 | 1393.3 |
          Lair |   7861 |   7623 |    238 |   2253 |   3980 |   6 | 1310.2 |
  Orcish Mines |      4 |      4 |      0 |      0 |      0 |   1 |    4.0 |
       Ossuary |    418 |    418 |      0 |    190 |      0 |   1 |  418.0 |
        Bailey |   1094 |   1094 |      0 |    546 |    191 |   1 | 1094.0 |
               +--------+--------+--------+--------+--------+-----+--------+

Top non-repeatable levels by time:
  Lair:2: 1955 daAuts
     D:8: 1948 daAuts
     D:3: 1753 daAuts
     D:6: 1749 daAuts
     D:1: 1701 daAuts
     D:9: 1607 daAuts
  Lair:5: 1603 daAuts
  Lair:1: 1395 daAuts
     D:7: 1234 daAuts
  Bailey: 1094 daAuts
     D:2: 1082 daAuts
    D:10: 1073 daAuts
  Lair:6: 1054 daAuts
     D:5: 997 daAuts
  Lair:4: 954 daAuts
